 Dungeon Crawl Stone Soup version 0.31-a0-841-g038b102fc3 (webtiles) character file.

Game seed: 13678122038341390910

425 Kurtz the Chopper (level 6, -4/42 HPs)
             Began as an Octopode Fighter on Sept 27, 2023.
             Slain by a gnoll
             ... wielding a +0 whip
              (8 damage)
             ... on level 4 of the Dungeon.
             The game lasted 00:02:35 (3200 turns).

Kurtz the Chopper (Octopode Fighter)                Turns: 3200, Time: 00:02:36

Health: -4/42      AC:  1    Str: 18    XL:     6   Next: 96%
Magic:  6/6        EV: 13    Int: 10    God:
Gold:   53         SH:  8    Dex:  9    Spells: 5/5 levels left

rFire   . . .        s - +3 morningstar (heavy)
rCold   . . .        b - +0 buckler
rNeg    . . .        (helmet restricted)
rPois   .            (no amulet)
rElec   .            (no ring)
rCorr   .            (no ring)
SInv    .            (no ring)
Will    .....        (no ring)
Stlth   ++           (no ring)
HPRegen 0.27/turn    (no ring)
MPRegen 0.10/turn    (no ring)
                     (no ring)

%: no passive effects
@: lethally poisoned (-4 -> -7), attractive
A: almost no armour, amphibious, 8 rings, camouflage 1, gelatinous body 1,
(nimble swimmer 1), tentacles, large bone plates 1, clumsy 1, MP-powered wands
a: no special abilities


You were on level 4 of the Dungeon.
You visited 1 branch of the dungeon, and saw 5 of its levels.

You collected 214 gold pieces.
You spent 161 gold pieces at shops.

Inventory:

Hand Weapons
 a - a +0 war axe
 s - a +3 heavy morningstar (weapon)
 t - a +1 whip of draining
Armour
 b - a +0 buckler (worn)
Jewellery
 e - a +6 ring of intelligence
Scrolls
 d - 5 scrolls of identify {unknown}
 f - a scroll of torment {unknown}
 i - a scroll of immolation {unknown}
 m - a scroll of noise {unknown}
 o - 2 scrolls of teleportation {unknown}
 p - 2 scrolls of fog {unknown}
 q - 2 scrolls of enchant armour {unknown}
 r - a scroll of blinking {unknown}
 u - a scroll of summoning {unknown}
Potions
 c - 4 potions of might
 g - a potion of mutation
 h - a potion of curing {unknown}
 j - a potion of invisibility {unknown}
 k - a potion of attraction
 l - 3 potions of brilliance {unknown}
 n - a potion of magic {unknown}


   Skills:
 - Level 3.0 Fighting
 * Level 7.2 Axes
 - Level 3.0 Dodging
 - Level 3.0 Shields


You had 5 spell levels left.
You didn't know any spells.
Your spell library contained the following spells:

 Spells                   Type           Power      Damage    Failure   Level
 Apportation              Tloc           0%         N/A       43%         1
 Magic Dart               Conj           0%         1d3       43%         1
 Necrotise                Necr           0%         1d4       43%         1
 Summon Small Mammal      Summ           0%         N/A       43%         1
 Scorch                   Fire           0%         2d5       58%         2
 Searing Ray              Conj           0%         2d4       58%         2
 Sublimation of Blood     Necr           0%         N/A       58%         2
 Inner Flame              Hex/Fire       0%         N/A       82%         3
 Summon Guardian Golem    Hex/Summ       0%         N/A       82%         3
 Flame Wave               Conj/Fire      0%         2d4       99%         4
 Fulminant Prism          Conj/Hex       0%         3d5       99%         4
 Petrify                  Tmut/Erth      0%         N/A       99%         4
 Irradiate                Conj/Tmut      0%         3d11      100%        5
 Iskenderun's Battlesphe  Conj           0%         2d6       100%        5
 Summon Cactus Giant      Summ           0%         N/A       100%        6
 Orb of Destruction       Conj           0%         9d5       100%        7
 Spellforged Servitor     Conj/Summ      0%         N/A       100%        7
 Ignition                 Fire           0%         3d3       100%        8


Dungeon Overview and Level Annotations

Branches:
Dungeon (5/15)
 Temple: D:4-7

Altars:
Hepliaklqana

Shops:
D:4 (

Annotations:
D:4 Edmund


Innate Abilities, Weirdness & Mutations

You cannot wear most types of armour.
You are amphibious.
You can wear up to eight rings at the same time.
Your skin changes colour to match your surroundings (Stealth+).
Your rubbery body absorbs attacks. (AC +1, EV +1)
((You are camouflaged when in or above water. (Stealth+)))
You have tentacles for arms and can constrict up to eight enemies at once.
You are partially covered in large bone plates. (SH +4)
You are clumsy. (Dex -2)
You expend magic power (3 MP) to strengthen your wands.


Message History

There is a stone staircase leading up here.
You feel sick.
You are no longer poisoned.
The gnoll shouts!
The gnoll sergeant shouts!
The adder bites you. The gnoll barely misses you.
The gnoll completely misses you.
You climb upwards.
Level annotation: Edmund
There is a stone staircase leading down here.
The adder closely misses you. The adder attacks as it pursues you!
The adder closely misses you. You block the adder's attack.
You miss the adder. You grab the adder. You constrict the adder.
The adder closely misses you. x2
You barely miss the adder.
The adder is moderately wounded.
You constrict the adder. The adder closely misses you. The adder bites you.
You are poisoned.
The adder poisons you! The adder bites you.
* * * LOW HITPOINT WARNING * * *
You are more poisoned.
The adder poisons you!
You barely miss the adder.
You squeeze the adder, but do no damage.
The adder is severely wounded.
You constrict the adder!
You kill the adder!
You feel very sick. The gnoll hits you with a +0 whip.
* * * LOW HITPOINT WARNING * * *
It was a potion of mutation.
You feel extremely strange.
Large bone plates grow over parts of your tentacles.
You feel clumsy.
You feel your magical essence link to the dungeon's wands.
You feel sick. The gnoll barely misses you.
Okay, then.
It was a potion of attraction.
You feel attractive to monsters.
You feel sick. The gnoll hits you with a +0 whip!
You die...

.........#................#
.........#................#
....................#######
....##............####
....#................#
................###..##
......[...............#
...............#......#
#..............#@.#.###
..##.........>.g..###
..##...........##..###
...............##....#
..........[.........##
.....................##
......................#
.............).......##
..................####


You could see a gnoll.

Vanquished Creatures
  An ogre (D:4)
  A scorpion (D:4)
  A howler monkey (D:4)
  A gnoll bouda (D:4)
  A sleepcap (D:4)
  A hound (D:4)
  Natasha (D:2)
  2 iguanas (D:4)
  An adder (D:4)
  A worm (D:3)
  A dart slug (D:4)
  3 orcs (D:3)
  3 bats
  3 endoplasms
  6 giant cockroaches
  11 hobgoblins
  4 jackals (D:4)
  3 quokkas
  8 ball pythons
  A frilled lizard (D:1)
  4 goblins
  7 kobolds
  3 rats
68 creatures vanquished.

Notes
Turn   | Place    | Note
-------+----------+-------------------------------------------
     0 | D:1      | Kurtz the Octopode Fighter began the quest for the Orb.
     0 | D:1      | Reached XP level 1. HP: 16/16 MP: 1/1
   200 | D:1      | Reached XP level 2. HP: 17/21 MP: 2/2
   291 | D:1      | Reached skill level 3 in Axes
   965 | D:1      | Reached XP level 3. HP: 21/26 MP: 3/3
  1096 | D:2      | Noticed Natasha
  1106 | D:2      | Killed Natasha
  1107 | D:2      | Reached skill level 4 in Axes
  1456 | D:2      | Found a hazy altar of Hepliaklqana.
  1914 | D:3      | Reached XP level 4. HP: 31/31 MP: 4/4
  2509 | D:4      | Found Ujoju's Antique Weapon Shop.
  2524 | D:4      | Reached skill level 5 in Axes
  2524 | D:4      | Reached XP level 5. HP: 12/36 MP: 5/5
  2615 | D:4      | Bought a runed morningstar for 161 gold pieces
  2741 | D:4      | Noticed an ogre
  2752 | D:4      | Killed an ogre
  2753 | D:4      | Reached skill level 6 in Axes
  2753 | D:4      | Reached XP level 6. HP: 37/42 MP: 6/6
  2842 | D:4      | Reached skill level 7 in Axes
  3106 | D:4      | Got a shiny book
  3146 | D:4      | Noticed Edmund
  3174 | D:5      | Entered Level 5 of the Dungeon
  3178 | D:5      | Noticed a black bear
  3199 | D:4      | Gained mutation: You are partially covered in large bone
                  | plates. (SH +4) [potion of mutation]
  3199 | D:4      | Gained mutation: You are clumsy. (Dex -2) [potion of
                  | mutation]
  3199 | D:4      | Gained mutation: You expend magic power (3 MP) to
                  | strengthen your wands. [potion of mutation]
  3200 | D:4      | Slain by a gnoll

Illustrated notes

Levels and vault maps discovered:
D:1:      sevenhm_arrival_forest_fort_large_3, layout_basic
D:2:      layout_rooms, serial_co_window_serial, co_window_paths_a,
          co_window_corner_a, co_window_corner_a, co_window_of_opportunity_a,
          co_window_of_opportunity_a, co_window_corner_b, co_window_corner_cb,
          co_window_unsneaky_path_e, co_window_4corner_b, co_window_paths_d,
          glass_columns_b, glass_columns_c, glass_columns_c, glass_columns_a,
          glass_columns_c, basic_altar, uniq_natasha
D:3:      layout_basic
D:4:      minmay_chambers_of_threes, layout_cave_pools, serial_shops, shop,
          minmay_misc_feat_nine_boxes, minmay_crystal_room, uniq_edmund
D:5:      layout_loops_ring, gammafunk_temple_overflow_statue, serial_rivers,
          chequers_serial_rivers_large_b, chequers_serial_rivers_micro_d,
          chequers_serial_rivers_micro_b, chequers_serial_rivers_micro_e,
          chequers_serial_rivers_micro_b, serial_shops, shop, shop, shop

Skill      XL: |  1  2  3  4  5  6 |
---------------+-------------------+-----
Axes           | 3 4 5 6 7 |  7.2
Fighting       | |  3.0
Dodging        | |  3.0
Shields        | |  3.0

Action                     |  1- 3 |  4- 6 || total
---------------------------+-------+-------++-------
  Melee: War axe           |    49 |    26 ||    75
         Constrict         |    14 |    13 ||    27
         Tentacles         |     8 |    10 ||    18
         Morningstar       |       |    40 ||    40
    Use: Potion            |       |     3 ||     3
   Stab: Sleeping          |     7 |       ||     7
         Distracted        |       |     1 ||     1
 Armour: Skin              |    12 |    48 ||    60
  Dodge: Dodged            |    30 |    66 ||    96
  Block: Buckler           |     8 |    20 ||    28

Table legend: (Time is in decaauts)
 A = Elapsed time spent in this place.
 B = Non-inter-level travel time spent in this place.
 C = Inter-level travel time spent in this place.
 D = Time resting spent in this place.
 E = Time spent auto-exploring this place.
 F = Levels seen in this place.
 G = Mean time per level.
                   A        B        C        D        E       F      G
               +--------+--------+--------+--------+--------+-----+--------+
         Total |   3271 |   3198 |     73 |    271 |   2441 |   5 |  654.2 |
       Dungeon |   3271 |   3198 |     73 |    271 |   2441 |   5 |  654.2 |
               +--------+--------+--------+--------+--------+-----+--------+

Top non-repeatable levels by time:
     D:1: 1106 daAuts
     D:2: 811 daAuts
     D:4: 793 daAuts
     D:3: 541 daAuts
     D:5: 18 daAuts
